 Dungeon Crawl Stone Soup version 0.27.1-3-gb3d3a73c9e (webtiles) character file.

Game seed: 10417008215018583614

10719 waplegopp the Cleaver (level 11, -11/67 HPs)
             Began as a Tengu Berserker on Oct 26, 2021.
             Was a High Priest of Trog.
             Mangled by a komodo dragon (18 damage)
             ... on level 2 of the Lair of Beasts.
             The game lasted 00:35:31 (16921 turns).

waplegopp the Cleaver (Tengu Berserker)            Turns: 16921, Time: 00:35:32

Health: -11/67     AC: 15    Str: 19    XL:     11   Next: 66%
Magic:  12/12      EV: 14    Int:  8    God:    Trog [*****.]
Gold:   921        SH:  5    Dex: 15    Spells: 10/10 levels left

rFire    . . .     SeeInvis .   g - +0 war axe
rCold    + + .     Faith    .   G - +2 buckler {rC+}
rNeg     . . .     Spirit   .   x - +2 ring mail {rC+}
rPois    +         Reflect  .   (helmet restricted)
rElec    .         Harm     .   h - +0 cloak
rCorr    .         Rampage  .   i - +0 pair of gloves
Will     +....                  (boots unavailable)
Stlth    ++........             (no amulet)
HPRegen  0.21/turn              f - ring "Pinnyin" {Will+ AC+4}
MPRegen  0.13/turn              D - ring of poison resistance

@: mighty, on berserk cooldown, flying quickly and evasively, slowed, very slow
A: beak, talons 3, nimble flight
a: Renounce Religion, Berserk, Trog's Hand, Brothers in Arms


You were on level 2 of the Lair of Beasts.
You worshipped Trog.
Trog was extremely pleased with you.
You visited 2 branches of the dungeon, and saw 11 of its levels.
You also visited: Ice Cave.

You collected 921 gold pieces.

Inventory:

Hand Weapons
 g - a +0 war axe (weapon)
Missiles
 k - 32 poisoned darts (quivered)
 p - 3 curare-tipped darts
Armour
 h - a +0 cloak (worn)
 i - a +0 pair of gloves (worn)
 x - a +2 ring mail of cold resistance (worn)
 y - a +0 plate armour
 G - a +2 buckler of cold resistance (worn)
Jewellery
 a - a ring of resist corrosion
 f - the ring "Pinnyin" (left hand) {Will+ AC+4}
   (You acquired it on level 6 of the Dungeon)

   [ring of protection]

   AC:        It affects your AC (+4).
   Will:      It increases your willpower.
 j - a ring of protection from cold
 D - a ring of poison resistance (right hand)
Wands
 b - a wand of flame (1)
 o - a wand of charming (12)
 r - a wand of iceblast (4)
 u - a wand of acid (10)
 v - a wand of paralysis (9)
Scrolls
 m - a scroll of blinking
 n - 2 scrolls of teleportation
 B - 2 scrolls of fog
Potions
 c - a potion of magic {unknown}
 d - a potion of attraction {unknown}
 e - 2 potions of might
 l - a potion of lignification {unknown}
 q - a potion of heal wounds {unknown}
 s - a potion of resistance {unknown}
 t - 2 potions of flight {unknown}
 w - 2 potions of haste {unknown}
 z - 2 potions of ambrosia
 A - a potion of cancellation {unknown}
 C - a potion of curing


   Skills:
 + Level 7.3 Fighting
 + Level 12.6 Axes
 + Level 7.4 Throwing
 + Level 8.8 Armour
 + Level 5.1 Dodging
 + Level 3.6 Stealth
 + Level 0.3 Shields
 + Level 2.2 Evocations


You had 10 spell levels left.
You didn't know any spells.
Your spell library was empty.

Dungeon Overview and Level Annotations

Branches:
Dungeon (9/15)             Temple (0/1) D:4            Lair (1/6) D:9
    Orc (0/2) D:9           IceCv (visited)

Altars:
Elyvilon
Fedhas
Makhleb
Nemelex Xobeh
Vehumet
Zin

Shops:
D:8 =


Innate Abilities, Weirdness & Mutations

You have a beak for a mouth.
You have claws for feet.
Your magical nature lets you fly swiftly and evasively.


Message History

You barely miss the yak. You claw the yak.
You kill the yak!
Trog accepts your kill.
You closely miss the yak. You slash the yak!
You kill the yak!
Trog accepts your kill. The yak barely misses you.
You slash the yak! You claw the yak. You peck the yak.
The yak is almost dead.
You slash the yak!
You kill the yak!
Trog accepts your kill.
You start resting.
You feel a strong urge to attack something.
You start resting.
You are no longer berserk.
You are exhausted.
You feel yourself slow down.
You start resting.
A komodo dragon comes into view.
A komodo dragon is nearby!
A komodo dragon is nearby!
A komodo dragon is nearby!
A komodo dragon is nearby!
You feel very mighty all of a sudden. You block the komodo dragon's attack.
The komodo dragon closely misses you.
You hit the komodo dragon but do no damage.
You claw the komodo dragon.
The komodo dragon is lightly wounded.
You block the komodo dragon's attack.
You slice the komodo dragon!!
The komodo dragon is severely wounded.
The komodo dragon bites you!!
* * * LOW HITPOINT WARNING * * *
You slash the komodo dragon!
The komodo dragon is severely wounded.
The komodo dragon bites you.
* * * LOW HITPOINT WARNING * * *
The komodo dragon bites you!!
You die...

#####
##...##
##.@l..##
###...#...#
#.....†..P#
#####...###
.......##
#####..P
....#
......
#...###


You could see a komodo dragon.

Vanquished Creatures
  A white draconian (IceCv)
  Pikel (D:5)
  A torpor snail (Lair:2)
  2 ice statues (IceCv)
  An unseen horror (D:6)
  3 rime drakes (IceCv)
  A hornet (D:7)
  Prince Ribbit (D:6)
  Grinder (D:6)
  A wyvern (Lair:1)
  9 yaks
  2 wargs (D:9)
  Duvessa (D:5)
  A water moccasin (D:8)
  3 orc warriors
  A black bear (Lair:1)
  An ice beast (D:8)
  A necrophage (D:8)
  A sky beast (D:7)
  3 ogres
  A centaur (D:9)
  3 lemures (D:5)
  6 phantoms
  5 bullfrogs
  A wyvern zombie (D:7)
  4 scorpions
  Dowan (D:5)
  15 killer bees
  A troll zombie (D:9)
  5 lindwurm simulacra (IceCv)
  An elephant simulacrum (Lair:1)
  A howler monkey (D:8)
  6 wights
  2 centaur zombies
  4 bullfrog zombies
  2 komodo dragon simulacra (IceCv)
  3 hounds
  A centaur skeleton (D:7)
  5 jellies
  7 orc priests
  3 iguanas
  Jessica (D:3)
  Terence (D:3)
  8 orc wizards
  A polar bear simulacrum (Lair:1)
  A wolf simulacrum (Lair:1)
  5 ogre zombies (D:9)
  12 adders
  5 acid dragon simulacra (IceCv)
  A river rat (D:3)
  6 steam dragon simulacra (IceCv)
  3 worms
  An adder skeleton (D:4)
  2 dart slugs
  30 orcs
  6 bats
  4 endoplasms
  7 giant cockroaches
  4 goblins
  9 hobgoblins
  2 jackals (D:1)
  12 kobolds
  4 quokkas
  4 ball pythons
  4 frilled lizards
  A goblin skeleton (D:9)
  6 goblin zombies (D:9)
  A hobgoblin skeleton (D:9)
  2 hobgoblin zombies (D:9)
  2 orc skeletons (D:9)
  7 orc zombies (D:9)
  7 rats
272 creatures vanquished.

Vanquished Creatures (collateral kills)
  A rime drake (IceCv)
  A komodo dragon simulacrum (IceCv)
  2 steam dragon simulacra (IceCv)
4 creatures vanquished.

Vanquished Creatures (others)
  A fungus (D:2)
  4 plants
5 creatures vanquished.

Grand Total: 281 creatures vanquished

Notes
Turn   | Place    | Note
-------+----------+-------------------------------------------
     0 | D:1      | waplegopp the Tengu Berserker began the quest for the Orb.
     0 | D:1      | Reached XP level 1. HP: 14/14 MP: 2/2
   205 | D:1      | Reached XP level 2. HP: 19/19 MP: 3/3
   691 | D:1      | Reached XP level 3. HP: 21/23 MP: 4/4
  1088 | D:1      | Reached ** piety under Trog
  1259 | D:2      | Found a faded altar of an unknown god.
  1334 | D:2      | Found a glowing silver altar of Zin.
  1612 | D:2      | Reached skill level 4 in Axes
  1612 | D:2      | Reached XP level 4. HP: 29/29 MP: 5/5
  2511 | D:3      | Noticed Jessica
  2516 | D:3      | Killed Jessica
  2517 | D:3      | Reached skill level 1 in Stealth
  2517 | D:3      | Gained mutation: Your magical nature lets you fly swiftly
                  | and evasively. [Tengu growth]
  2517 | D:3      | Reached XP level 5. HP: 33/33 MP: 6/6
  2570 | D:3      | Reached skill level 5 in Axes
  2589 | D:3      | Noticed Terence
  2598 | D:3      | Killed Terence
  3259 | D:3      | Reached *** piety under Trog
  3264 | D:3      | Reached XP level 6. HP: 38/38 MP: 7/7
  3590 | D:4      | Found a staircase to the Ecumenical Temple.
  3611 | D:4      | Reached skill level 6 in Axes
  3666 | D:4      | Reached skill level 1 in Throwing
  3666 | D:4      | Reached XP level 7. HP: 36/43 MP: 8/8
  3728 | D:4      | Found a white marble altar of Elyvilon.
  4501 | D:5      | Entered Level 5 of the Dungeon
  4525 | D:5      | Reached skill level 7 in Axes
  4573 | D:5      | Noticed Pikel
  4588 | D:5      | Killed Pikel
  4589 | D:5      | Reached XP level 8. HP: 23/48 MP: 9/9
  5393 | D:5      | Reached skill level 8 in Axes
  5430 | D:5      | Found a radiant altar of Vehumet.
  5450 | D:5      | Reached skill level 5 in Armour
  5778 | D:5      | Noticed Duvessa
  5779 | D:5      | Noticed Dowan
  5786 | D:5      | Killed Duvessa
  5788 | D:5      | Killed Dowan
  5789 | D:5      | Reached XP level 9. HP: 53/53 MP: 10/10
  6260 | D:6      | Identified a scroll of acquirement
  6273 | D:6      | Found a sparkling altar of Nemelex Xobeh.
  6275 | D:6      | Killed an unseen horror
  6826 | D:6      | Acquired the ring "Pinnyin" {Will+ AC+4}
  6907 | D:6      | Found a glowing silver altar of Zin.
  7050 | D:6      | Noticed Grinder
  7059 | D:6      | Killed Grinder
  7060 | D:6      | Reached skill level 5 in Fighting
  7060 | D:6      | Reached skill level 9 in Axes
  7126 | D:6      | Reached skill level 5 in Throwing
  7130 | D:6      | Reached skill level 1 in Evocations
  7664 | D:6      | Noticed Prince Ribbit
  7670 | D:6      | Killed Prince Ribbit
  8656 | D:7      | Reached XP level 10. HP: 49/60 MP: 11/11
  8684 | D:7      | Reached **** piety under Trog
  9455 | D:7      | Reached skill level 10 in Axes
 10778 | D:8      | Found Ratsoih's Jewellery Boutique.
 10832 | D:8      | Found a burning altar of Makhleb.
 10839 | D:8      | Identified the +9 whip "Xousagh" {antimagic, Int+5}
 11543 | D:9      | Reached ***** piety under Trog
 11546 | D:9      | Found a staircase to the Orcish Mines.
 11551 | D:9      | Reached skill level 11 in Axes
 11972 | D:9      | Found a blossoming altar of Fedhas.
 12072 | D:9      | Found a staircase to the Lair.
 12089 | D:9      | Reached XP level 11. HP: 66/66 MP: 12/12
 13081 | Lair:1   | Entered Level 1 of the Lair of Beasts
 13114 | Lair:1   | Found a frozen archway.
 13210 | IceCv    | Entered an ice cave
 14370 | IceCv    | Reached skill level 12 in Axes
 14376 | IceCv    | Reached skill level 5 in Dodging
 14737 | IceCv    | Noticed a white draconian
 14757 | IceCv    | Killed a white draconian
 16893 | Lair:1   | You are sucked into a shaft and drop 1 floor!
 16921 | Lair:2   | Mangled by a komodo dragon

Illustrated notes

Levels and vault maps discovered:
D:1:      lightli_arrival_windingriver, layout_basic, minivault_11
D:2:      layout_basic, shapermc_ecumenical_altar_rom_forum, basic_altar,
          skrybe_limestone_x
D:3:      minmay_angry_zag, layout_basic, gup_sewer_entry_spiral,
          kennysheep_boxes, uniq_terence, uniq_jessica
D:4:      layout_basic, elyvilon_altar_3, minmay_temple_entry_tees
D:5:      layout_rooms, vehumet_crystals, uniq_duvessa, uniq_pikel
D:6:      layout_basic, zin_treasury, lemuel_doored_altar, uniq_grinder,
          uniq_prince_ribbit1
D:7:      kennysheep_six_static_rooms, layout_gridville
D:8:      layout_rooms, bloody_makhleb, serial_shops, nicolae_diamond_shop,
          roderic_serpentine_path, lemuel_another_geyser
D:9:      layout_loops_ring, mainiacjoe_overflow_alcove_2,
          erik_lair_orcish_takeover, zombieorc1_lemuel
Lair:1:   layout_gridlike, portal_ice_cave_entry_ice_simulacra,
          infiniplex_staircase_pool_2, grunt_megastairs_2,
          minmay_lair_oklob_chamber, serial_bayou_shore_a
Lair:2:   layout_layer_cave, minmay_snake_entry_guardpost_small, basic_altar,
          nicolae_volcano_entry_two_sided, kennysheep_snail_temple

Skill      XL: |  1  2  3  4  5  6  7  8  9 10 11 |
---------------+----------------------------------+-----
Axes           | 4 5 6 7 8 9 11 12 | 12.6
Stealth        | 1 2 3 |  3.6
Armour         | 3 4 5 7 8 |  8.8
Fighting       | 4 5 6 7 |  7.3
Throwing       | 1 3 4 5 7 |  7.4
Dodging        | 3 4 5 |  5.1
Evocations     | 1 2 |  2.2
Shields        | |  0.3

Action                   |  1- 3 |  4- 6 |  7- 9 | 10-12 || total
-------------------------+-------+-------+-------+-------++-------
Melee: Hand axe          |    59 |   113 |    77 |       ||   249
       Kick              |    12 |    25 |    42 |   112 ||   191
       Peck              |     5 |    21 |    24 |    71 ||   121
       War axe           |       |       |    60 |   327 ||   387
Throw: Dart              |       |    16 |    61 |    69 ||   146
       Boomerang         |       |       |     2 |     3 ||     5
Invok: Berserk           |     4 |     1 |     8 |     9 ||    22
       Trog's Hand       |       |       |     4 |     1 ||     5
       Brothers in Arms  |       |       |       |     2 ||     2
Evoke: Wand              |       |       |     2 |    18 ||    20
  Use: Scroll            |       |     3 |     9 |     5 ||    17
       Potion            |       |       |     3 |     2 ||     5
 Stab: Sleeping          |     1 |     2 |     1 |     2 ||     6
Armor: Animal skin       |    14 |       |       |       ||    14
       Leather armour    |    10 |    16 |       |       ||    26
       Chain mail        |       |    21 |    72 |       ||    93
       Plate armour      |       |       |    17 |     5 ||    22
       Ring mail         |       |       |       |   115 ||   115
Dodge: Dodged            |    55 |    55 |    94 |   192 ||   396
Block: Buckler           |       |       |       |    10 ||    10
